 Dungeon Sprint DCSS version 0.21-a0-110-g8e1637b (webtiles) character file.

10 Kidiri the Sneak (level 2, -3/14 HPs)
             Began as a Spriggan Enchanter on July 8, 2017.
             Slain by a hippogriff (8 damage)
             ... in the Dungeon (Sprint II: "The Violet Keep of Menkaure").
             The game lasted 00:01:27 (212 turns).

Kidiri the Sneak (Spriggan Enchanter)                Turns: 212, Time: 00:01:28

Health: -3/14      AC:  2    Str:  4    XL:     2   Next: 10%
Magic:  5/7        EV: 19    Int: 16    God:
Gold:   243        SH:  0    Dex: 16    Spells: 5/8 levels left

rFire    . . .     SeeInvis +   a - +1 dagger
rCold    . . .     Gourm    .   (shield restricted)
rNeg     . . .     Faith    .   b - +0 robe
rPois    .         Spirit   .   (helmet restricted)
rElec    .         Reflect  .   (no cloak)
rCorr    .         Harm     .   (gloves unavailable)
MR       .....     NoTele   +   (boots unavailable)
Stlth    +++.......             (no amulet)
HPRegen  0.04/turn              (no ring)
MPRegen  0.10/turn              (no ring)

@: very quick
A: unfitting armour, see invisible, herbivore 3, speed 3, slow metabolism 2
a: no special abilities


You were in the Dungeon.
You were not hungry.

You visited 1 branch You collected 243 gold pieces.

Inventory:

Hand Weapons
 a - a +1 dagger (weapon)
Armour
 b - a +0 robe (worn)
Scrolls
 j - a scroll of blinking
Potions
 g - a potion of haste
 h - 2 potions of magic
 i - a potion of berserk rage
Books
 c - a book of Maledictions

   Spells                             Type                      Level
   a - Corona                         Hexes                        1
   b - Ensorcelled Hibernation        Hexes/Ice                    2
   c - Confuse                        Hexes                        3
   d - Tukima's Dance                 Hexes                        3
   e - Dazzling Spray                 Conjuration/Hexes            3
Comestibles
 d - a bread ration


   Skills:
 + Level 1.0 Fighting
 * Level 2.1 Short Blades
 + Level 0.3 Armour
 * Level 3.6 Dodging
 * Level 5.1 Stealth
 * Level 3.5 Spellcasting
 + Level 4.1 Hexes


You had 5 spell levels left.
You knew the following spells:

 Your Spells              Type           Power        Failure   Level  Hunger
a - Corona                Hex            ###....      3%          1    None
b - Ensorcelled Hibernat  Hex/Ice        #.....       12%         2    ##.....


Dungeon Overview and Level Annotations

Branches:
Dungeon (1/1)

Altars:


Innate Abilities, Weirdness & Mutations

You are very small and have problems with some larger weapons.
You are too small for most types of armour.
You have supernaturally acute eyesight. (SInv)
You are a herbivore.
You cover ground extremely quickly.
You need consume almost no food.


Message History

You hit the hippogriff but do no damage.
The hippogriff is lightly wounded.
The hippogriff closely misses you. The hippogriff pecks you.
The hippogriff claws you!
Ouch! That really hurt!
Unknown command.
Casting: Ensorcelled Hibernation
Confirm with . or Enter, or press ? or * to list all spells.
Aiming: Ensorcelled Hibernation
Press: ? - help, Shift-Dir - straight line, f/p - hippogriff
Aim: a hippogriff (lightly wounded, chance to defeat MR: 36%)
The hippogriff looks drowsy...
Unknown command.
The helpless hippogriff fails to defend itself.
You impale the hippogriff!!
The hippogriff is severely wounded.
The hippogriff barely misses you. The hippogriff completely misses you.
The hippogriff claws you!
Ouch! That really hurt!
You die...

## ## ## .# #. .#
# .#$ ## .## ##.
#'# #.##..#
#.w$##.####.#..#
#+.<.H@##+..#
#.w.##.##...#....#
##.
#+###.##§.....≈ #
.$. ### §.....≈
..#m. ≈≈≈≈..≈ ##.
.## ≈≈≈§≈.≈ ## ##
≈≈§§≈≈≈ ≈§≈§≈≈≈


You could see a hippogriff.

Vanquished Creatures
  3 worms (D)
3 creatures vanquished.

Vanquished Creatures (others)
  A crocodile (D)
1 creature vanquished.

Grand Total: 4 creatures vanquished

Notes
Turn   | Place    | Note
-------+----------+-------------------------------------------
     0 | D        | Kidiri the Spriggan Enchanter began the quest for the Orb.
     0 | D        | Reached XP level 1. HP: 9/9 MP: 5/5
     1 | D        | Noticed a merfolk siren
     9 | D        | Reached skill level 5 in Stealth
    45 | D        | Killed a crocodile
    48 | D        | Noticed a tyrant leech
    48 | D        | Noticed a tyrant leech
    52 | D        | Noticed a hippogriff
    52 | D        | Noticed a hippogriff
    94 | D        | Reached skill level 1 in Fighting
    94 | D        | Reached XP level 2. HP: 14/14 MP: 3/7
    99 | D        | Learned a level 2 spell: Ensorcelled Hibernation
   212 | D        | Slain by a hippogriff

Vault maps used:
D:        the_violet_keep_of_menkaure

Skill      XL: |  1 |
---------------+----+-----
Spellcasting   | 3 |  3.5
Stealth        | 5 |  5.1
Hexes          | 4 |  4.1
Fighting       | 1 |  1.0
Short Blades   | 2 |  2.1
Armour         | |  0.3
Dodging        | |  3.6

Action                   || total
-------------------------++-------
Melee: Dagger            ||    31
 Cast: Corona            ||     4
       Ensorcelled Hiber ||     2
  Use: Potion            ||     2
 Stab: Sleeping          ||     4
Armor: Robe              ||     1
Dodge: Dodged            ||    19
